 Dungeon Crawl Stone Soup version 0.29.1-13-g9f3cf754e1 (webtiles) character file.

Game seed: 11931178690044765288

315 Thatpatchoflichen the Cudgeller (level 6, 0/62 HPs)
             Began as an Ogre Monk on Feb 3, 2023.
             Slain by an iguana (12 damage)
             ... on level 5 of the Dungeon.
             The game lasted 00:09:29 (6561 turns).

Thatpatchoflichen the Cudgeller (Ogre Monk)         Turns: 6561, Time: 00:09:30

Health: 0/62       AC:  3    Str: 16    XL:     6   Next: 44%
Magic:  6/6        EV: 11    Int: 11    God:
Gold:   394        SH:  0    Dex: 13    Spells: 5/5 levels left

rFire   . . .      SeeInvis .   j - +0 great mace
rCold   + . .      Faith    .   (shield currently unavailable)
rNeg    + . .      Spirit   .   b - +0 robe
rPois   .          Reflect  .   (helmet restricted)
rElec   .          Harm     .   (no cloak)
rCorr   .          Rampage  .   (gloves unavailable)
Will    .....                   (boots unavailable)
Stlth   ++........              (no amulet)
HPRegen 0.20/turn               d - ring of positive energy
MPRegen 0.10/turn               g - ring of protection from cold

@: no status effects
A: large, unfitting armour, tough skin 1
a: no special abilities


You were on level 5 of the Dungeon.
You visited 2 branches of the dungeon, and saw 6 of its levels.

You collected 394 gold pieces.

Inventory:

Hand Weapons
 a - a +0 mace
 j - a +0 great mace (weapon)
Missiles
 v - 4 poisoned darts (quivered)
 w - 2 boomerangs
Armour
 b - a +0 robe (worn)
Jewellery
 d - a ring of positive energy (left hand)
 g - a ring of protection from cold (right hand)
 u - a ring of flight
Wands
 o - a wand of mindburst (13)
 y - a wand of paralysis (11)
Scrolls
 h - 2 scrolls of teleportation {unknown}
 i - 2 scrolls of identify {unknown}
 l - a scroll of vulnerability {unknown}
 m - 4 scrolls of immolation {unknown}
 n - a scroll of poison {unknown}
 q - 2 scrolls of enchant armour {unknown}
 t - a scroll of enchant weapon {unknown}
 x - a scroll of blinking {unknown}
Potions
 c - 2 potions of ambrosia
 e - 2 potions of invisibility {unknown}
 f - 2 potions of magic {unknown}
 k - 3 potions of degeneration {unknown}
 p - 3 potions of lignification {unknown}
 r - 2 potions of curing {unknown}
 s - a potion of mutation {unknown}
 z - a potion of attraction {unknown}
 A - a potion of flight {unknown}
 B - a potion of brilliance {unknown}
 C - a potion of cancellation {unknown}
 D - a potion of heal wounds {unknown}


   Skills:
 - Level 4.0 Fighting
 + Level 4.2 Maces & Flails
 - Level 4.0 Dodging
 * Level 3.6 Stealth


You had 5 spell levels left.
You didn't know any spells.
Your spell library contained the following spells:

 Spells                   Type           Power      Damage    Failure   Level
 Summon Guardian Golem    Hex/Summ       0%         N/A       71%         3
 Orb of Destruction       Conj           0%         9d5       100%        7
 Spellforged Servitor     Conj/Summ      0%         N/A       100%        7


Dungeon Overview and Level Annotations

Branches:
Dungeon (5/15)             Temple (1/1) D:4

Altars:
Ashenzari
Fedhas
Gozag
Hepliaklqana
Makhleb
Nemelex Xobeh
Okawaru
Qazlal
Ru
Sif Muna
Uskayaw
Vehumet
Wu Jian
Xom
Yredelemnul
The Shining One

Annotations:
D:4 2 runed translucent doors


Innate Abilities, Weirdness & Mutations

You are too large for most types of armour.
You have tough skin. (AC +1)


Message History

The iguana bites you!
You closely miss the iguana. The iguana bites you. The iguana bites you!
You hit the iguana but do no damage. The iguana bites you!
You closely miss the iguana. The iguana bites you!
* * * LOW HITPOINT WARNING * * *
The iguana bites you.
* * * LOW HITPOINT WARNING * * *
You sock the iguana!
You kill the iguana!
You start resting.
An iguana comes into view.
Things that are here:
a +0 leather armour of poison resistance; a +0 flail
There is a stone staircase leading up, spattered with blood here.
You climb upwards.
Level annotation: 2 runed translucent doors
There is a stone staircase leading down here.
You start resting.
HP restored.
You climb downwards.
There is a stone staircase leading up, spattered with blood here.
The iguana hisses angrily.
You see here 10 gold pieces.
Found 18 gold pieces.
The iguana barely misses you.
You closely miss the iguana. The iguana bites you.
You closely miss the iguana. The iguana bites you.
The iguana barely misses you.
You barely miss the iguana. The iguana bites you.
You closely miss the iguana. The iguana bites you! The iguana bites you.
You barely miss the iguana. The iguana bites you.
You barely miss the iguana. The iguana bites you! The iguana misses you.
You barely miss the iguana. The iguana barely misses you.
You completely miss the iguana. The iguana closely misses you.
The iguana bites you!
* * * LOW HITPOINT WARNING * * *
You hit the iguana.
The iguana is moderately wounded.
The iguana bites you!
You die...

....#.... ##..$.....
.........#####
...#....................
........................
..#.......# #...........
#.....l..# #..........
#.....@..# #..........
##..#....# #.........
##.#.$..# #..#.....
#.....# #...†....
###...# #....#... ##..##
##..### ## #...# ##..##
### ##..###...# ##
#..##........## ###.


You could see an iguana.

Vanquished Creatures
  A howler monkey (D:5)
  2 hounds
  An orc priest (D:5)
  2 iguanas
  A gnoll (D:1)
  3 adders
  4 worms
  2 dart slugs
  10 orcs
  7 ball pythons
  3 endoplasms
  2 giant cockroaches (D:4)
  8 goblins
  12 hobgoblins
  A jackal (D:5)
  3 quokkas
  3 bats
  3 frilled lizards
  8 kobolds
  4 rats
80 creatures vanquished.

Notes
Turn   | Place    | Note
-------+----------+-------------------------------------------
     0 | D:1      | Thatpatchoflichen the Ogre Monk began the quest for the
                  | Orb.
     0 | D:1      | Reached XP level 1. HP: 24/24 MP: 1/1
   168 | D:1      | Reached XP level 2. HP: 18/32 MP: 2/2
   540 | D:1      | Reached XP level 3. HP: 36/39 MP: 3/3
   548 | D:1      | Found a faded altar of an unknown god.
  1976 | D:3      | Reached XP level 4. HP: 28/48 MP: 4/4
  2353 | D:3      | Found a hide-covered altar of Uskayaw.
  2370 | D:3      | Found an opulent altar of Gozag.
  3880 | D:4      | Found a large runed translucent door.
  3883 | D:4      | Found a large runed translucent door.
  3883 | D:4      | Found a shimmering altar of Xom.
  4221 | D:4      | Reached XP level 5. HP: 51/54 MP: 5/5
  4596 | D:5      | Entered Level 5 of the Dungeon
  5015 | D:4      | Found a staircase to the Ecumenical Temple.
  5026 | Temple   | Entered the Ecumenical Temple
  5696 | D:5      | Reached XP level 6. HP: 40/62 MP: 6/6
  6561 | D:5      | Slain by an iguana

Illustrated notes

Levels and vault maps discovered:
D:1:      evilmike_arrival_crescent, layout_rooms, ebering_ecumenical_altar_box,
          serial_glass, glass_columns_b, glass_columns_a, glass_columns_a,
          glass_columns_a, glass_columns_b, glass_columns_a, glass_columns_a,
          glass_columns_c, minmay_misc_feat_ornament, grunt_decor_cap,
          interstate_on_off
D:2:      layout_rooms
D:3:      minmay_diamond_boxcup, layout_loops_corners,
          mainiacjoe_overflow_large_starburst, grunt_ministairs_15
D:4:      due_chaos_kobolds, layout_gridville, temple_green
D:5:      layout_layer_cave, cheibriados_altar_1
Temple:   nicolae_temple_figure_eight

Skill      XL: |  1  2  3  4  5 |
---------------+----------------+-----
Maces & Flails | 3 4 |  4.2
Dodging        | 3 4 |  4.0
Stealth        | 2 3 |  3.6
Fighting       | |  4.0

Action                   |  1- 3 |  4- 6 || total
-------------------------+-------+-------++-------
Melee: Mace              |   118 |     9 ||   127
       Punch             |     3 |       ||     3
       Great mace        |       |   174 ||   174
 Stab: Sleeping          |     2 |     6 ||     8
Armor: Robe              |    38 |    71 ||   109
Dodge: Dodged            |    72 |   141 ||   213
